 Dungeon Crawl Stone Soup version 0.18.1-48-g4cf74bf (webtiles) character file.

150 Alarkh the Shooter (level 5, 0/38 HPs)
             Began as a Mummy Hunter on Sept 4, 2016.
             Slain by a river rat (7 damage)
             ... on level 3 of the Dungeon.
             The game lasted 00:04:15 (2425 turns).

Alarkh the Shooter (Mummy Hunter)                   Turns: 2425, Time: 00:04:16

Health: 0/38       AC:  5    Str: 15    XL:     5   Next: 10%
Magic:  5/5        EV: 11    Int: 11    God:
Gold:   88         SH:  0    Dex: 13    Spells: 1 memorised, 2 levels left

rFire  x . .     SeeInvis .     b - +0 short sword
rCold  + . .     Gourm    .     c - +0 leather armour
rNeg   + + +     Faith    .     (no shield)
rPois  ∞         Spirit   .     j - +0 helmet (curse)
rElec  .         Dismiss  .     i - +0 cloak
rCorr  .         Reflect  .     (no gloves)
SustAt .         Harm     .     (no boots)
MR     .....                    (no amulet)
Stlth  +.........               (no ring)
                                (no ring)

@: not resistant to hostile enchantments, very unstealthy
A: no food or potions, fire vulnerability, cold resistance 1, negative energy
resistance 3, torment resistance, unbreathing
a: no special abilities


You were on level 3 of the Dungeon.
You were not hungry.

You visited 1 branch of the dungeon, and saw 3 of its levels.

You collected 88 gold pieces.

Inventory:

Hand Weapons
 a - a +1 shortbow
 b - a +0 short sword (weapon)
Armour
 c - a +0 leather armour (worn)
 i - a +0 cloak (worn)
 j - a cursed +0 helmet (worn)
Scrolls
 e - a scroll of identify
 f - a scroll of remove curse
 g - a scroll of teleportation {unknown}
Books
 h - a book of Minor Magic

   Spells                             Type                      Level
   a - Magic Dart                     Conjuration                  1
   b - Blink                          Translocation                2
   c - Call Imp                       Summoning                    2
   d - Repel Missiles                 Charms/Air                   2
   e - Slow                           Hexes                        2
   f - Conjure Flame                  Conjuration/Fire             3
   g - Mephitic Cloud                 Conjuration/Poison/Air       3


   Skills:
 - Level 2.0 Fighting
 + Level 5.3 Bows
 - Level 1.5 Dodging
 - Level 0.7 Stealth


You had 2 spell levels left.
You knew the following spells:

 Your Spells              Type           Power        Failure   Level  Hunger
b - Blink                 Tloc           N/A          69%         2    N/A

Dungeon Overview and Level Annotations

Branches:
Dungeon (3/15)

Altars:


Innate Abilities, Weirdness & Mutations

You do not eat or drink.
Your flesh is vulnerable to fire.
You are immune to poison.
Your flesh is cold resistant.
You are immune to negative energy.
You are immune to unholy pain and torment.
You can survive without breathing.


Message History

The river rat is moderately wounded.
The river rat bites you.
You are too injured to fight recklessly!
You are too injured to fight recklessly!
You are too injured to fight recklessly!
You hit the river rat but do no damage.
The river rat is moderately wounded.
You hear the rapid rusting of a distant drain.
The river rat barely misses you.
You hit the river rat but do no damage.
The river rat is moderately wounded.
The river rat bites you.
You closely miss the river rat.
The river rat is moderately wounded.
The river rat bites you.
* * * LOW HITPOINT WARNING * * *
You closely miss the river rat.
The river rat is moderately wounded.
The river rat bites you!
You die...

###÷###.## .# ##...[.
#........# ##.# ...)..<
##.######.##...# .g......
#..# #.#..#####
#.#######.........
#................# o
##...#####.#####.######
o(
#.#.#####.#####.......g((
#....)).....@r(## g(.(
###.######..##..### .....
#.# ##.###...#...... #.#
#%# ###.((..... #.#
#...........##. #..
##......$.(## ##.
#........w..
#.............
...........#..#


You could see a river rat.

Vanquished Creatures
  An orc priest (D:3)
  2 adders
  An ooze (D:2)
  3 worms
  3 dart slugs
  A giant gecko (D:2)
  An orc (D:3)
  A ball python (D:2)
  5 bats
  A giant cockroach (D:1)
  5 goblins
  11 hobgoblins
  19 jackals
  A quokka (D:2)
  5 giant newts
  7 kobolds
  12 rats
79 creatures vanquished.

Vanquished Creatures (others)
  A hobgoblin (D:1)
1 creature vanquished.

Grand Total: 80 creatures vanquished

Notes
Turn   | Place    | Note
--------------------------------------------------------------
     0 | D:1      | Alarkh the Mummy Hunter began the quest for the Orb.
     0 | D:1      | Reached XP level 1. HP: 16/16 MP: 1/1
    83 | D:1      | Reached XP level 2. HP: 18/22 MP: 2/2
   234 | D:1      | Reached skill level 4 in Bows
   599 | D:1      | Reached XP level 3. HP: 24/27 MP: 3/3
  1082 | D:2      | Learned a level 2 spell: Blink
  1665 | D:2      | Reached XP level 4. HP: 25/33 MP: 4/4
  2032 | D:3      | Reached skill level 5 in Bows
  2170 | D:3      | Reached XP level 5. HP: 19/38 MP: 5/5
  2425 | D:3      | Slain by a river rat

Skill      XL: |  1  2  3  4 |
---------------+-------------+-----
Bows           | 4 5 |  5.3
Fighting       | |  2.0
Dodging        | |  1.5
Stealth        | |  0.7

Action                   |  1- 3 |  4- 6 || total
-------------------------+-------+-------++-------
Melee: Short sword       |   101 |    55 ||   156
 Fire: Shortbow          |    94 |    64 ||   158
  Use: Scroll            |       |     1 ||     1
 Stab: Sleeping          |     2 |       ||     2
Armor: Leather armour    |    56 |    20 ||    76
Dodge: Dodged            |   105 |    50 ||   155
